AoeStats
← KootH.

African Clearing

506991480Analyzed
4v4 RM · 15d ago on Sep 16, 2026· 35m 57s· 8 players
Game mode
Random Map
Map size
Large (8 player)
Population
200
Speed
Normal
Resources
Standard
Victory
Conquest
Starting age
Dark Age
Ending age
Imperial Age
RankedLock teamsTeams togetherTeam positionsShared explorationLock speedFull tech treeHidden civsTurbo modeCheats
Victory
Defeat
🇺🇸 Mongols · United States
1408
+12
🇨🇴 Persians · Colombia
1392
+13
🇨🇳 Japanese · China
1361
+14
🇭🇰 Burmese · Hong Kong SAR China
1339
+15
🇲🇽 Britons · Mexico
1382
-15
🇺🇸 Mongols · United States
1333
-14
🇲🇽 Spanish · Mexico
1300
-13
🇺🇸 Hindustanis · United States
1287
-12
Cyeadux
3:00 Loom
13:12 Feudal Age
13:53 Double-Bit Axe
13:53 Horse Collar
21:33 Castle Age
21:27 Bloodlines
21:16 Town Watch
23:06 Wheelbarrow
28:18 Fletching
32:30 Scale Mail Armor
34:44 Forging
35:47 Scale Barding Armor
EsoTilinsito283
10:53 Loom
13:33 Feudal Age
18:22 Castle Age
17:06 Double-Bit Axe
17:20 Stone Mining
Seifer
3:52 Loom
11:01 Feudal Age
11:30 Town Watch
13:34 Double-Bit Axe
18:23 Castle Age
19:15 Bow Saw
21:39 Stone Mining
21:59 Horse Collar
22:15 Gold Mining
25:51 Heavy Plow
26:50 Fletching
28:23 Wheelbarrow
28:01 Bodkin Arrow
28:41 Padded Archer Armor
34:31 Imperial Age
32:47 Gold Shaft Mining
33:03 Hand Cart
34:11 Scale Mail Armor
34:22 Forging
35:29 Bracer
bailey
11:27 Feudal Age
12:31 Double-Bit Axe
12:34 Loom
21:55 Castle Age
20:05 Horse Collar
20:40 Fletching
22:26 Bloodlines
23:08 Husbandry
25:35 Bow Saw
27:34 Bodkin Arrow
30:23 Padded Archer Armor
31:13 Ballistics
32:27 Wheelbarrow
34:41 Leather Archer Armor
Zilchland
4:00 Loom
12:58 Feudal Age
17:05 Castle Age
15:54 Bloodlines
21:40 Husbandry
25:06 Fletching
26:43 Bodkin Arrow
28:47 Ballistics
28:28 Double-Bit Axe
29:49 Padded Archer Armor
35:51 Leather Archer Armor
KootH.
3:31 Loom
11:51 Feudal Age
13:34 Double-Bit Axe
17:50 Horse Collar
20:02 Wheelbarrow
23:55 Castle Age
22:49 Bloodlines
23:47 Forging
23:43 Scale Barding Armor
24:41 Bow Saw
24:34 Heavy Plow
29:46 Husbandry
34:04 Iron Casting
34:20 Chain Barding Armor
S.T.A.R.S. Wesker
12:01 Loom
13:46 Feudal Age
18:05 Castle Age
15:54 Double-Bit Axe
17:41 Horse Collar
21:10 Heavy Plow
24:03 Wheelbarrow
32:48 Imperial Age
31:32 Ballistics
31:04 Fletching
31:25 Bloodlines
31:15 Husbandry
32:16 Bodkin Arrow
32:21 Padded Archer Armor
32:13 Guard Tower
34:34 Chemistry
33:42 Bracer
33:57 Leather Archer Armor
34:48 Conscription
35:07 Gold Mining
35:44 Hand Cart
35:14 Town Watch
36:16 Leather Archer Armor
动车的车头
13:02 Feudal Age
16:46 Castle Age
15:23 Horse Collar
17:31 Fletching
18:08 Loom
20:20 Padded Archer Armor
22:36 Bodkin Arrow
23:25 Wheelbarrow
23:30 Horse Collar
29:55 Hand Cart
31:11 Heavy Plow
33:17 Husbandry
35:36 Bloodlines
Connection lost

Rejoining the realm…

Still unreachable

The connection could not be restored.

Session expired

The server has moved on; the page needs a fresh start.